 Dungeon Crawl Stone Soup version 0.22-a0-110-g5b255cf (webtiles) character file.

839 Gruud the Grave Robber (level 7, 0/52 HPs)
             Began as a Demonspawn Necromancer on Jan 27, 2018.
             Was an Initiate of Sif Muna.
             Slain by a human zombie (2 damage)
             ... in an ossuary.
             The game lasted 00:20:07 (4257 turns).

Gruud the Grave Robber (Demonspawn Necromancer)     Turns: 4257, Time: 00:20:07

Health: 0/52       AC: 11    Str:  9    XL:     7   Next: 67%
Magic:  5/12       EV: 13    Int: 20    God:    Sif Muna [......]
Gold:   317        SH:  0    Dex: 13    Spells: 5/13 levels left

rFire    . . .     SeeInvis .   B - +0 mace (protect)
rCold    . . .     Gourm    .   (no shield)
rNeg     . . .     Faith    .   e - +0 robe
rPois    .         Spirit   .   F - +0 helmet
rElec    .         Reflect  .   C - +0 cloak
rCorr    +         Harm     .   (no gloves)
MR       .....                  (no boots)
Stlth    ++........             (no amulet)
HPRegen  0.17/turn              h - +2 ring of intelligence
MPRegen  0.13/turn              z - ring of resist corrosion

@: protection aura, berserk cooldown
A: talons 1, powered by death 2
a: Renounce Religion


You were in an ossuary.
You worshipped Sif Muna.
Sif Muna was noncommittal.
You were hungry.

You visited 2 branches of the dungeon, and saw 6 of its levels.
You also visited: Ossuary.

You collected 317 gold pieces.

Inventory:

Hand Weapons
 a - a +0 hand axe
 b - a +0 hunting sling
 q - a +2 flail of crushing
 B - a +0 mace of protection (weapon)
 D - a +3 quarterstaff of chaos
Missiles
 f - 176 stones
 i - 6 needles of confusion
 j - 12 javelins (quivered)
Armour
 e - a +0 robe (worn)
 C - a +0 cloak (worn)
 F - a +0 helmet (worn)
Jewellery
 h - a +2 ring of intelligence (left hand)
 z - a ring of resist corrosion (right hand)
 E - an uncursed ring of stealth {unknown}
Scrolls
 m - a scroll of enchant weapon {unknown}
 o - a scroll of enchant armour {unknown}
 p - a scroll of random uselessness {unknown}
 r - a scroll of teleportation
 s - a scroll of immolation
 t - 2 scrolls of remove curse
 x - a scroll of amnesia {unknown}
 y - a scroll of fear
 A - a scroll of fog
Potions
 g - 2 potions of mutation
 l - 3 potions of curing
 n - 2 potions of flight
 u - a potion of ambrosia {unknown}
 v - a potion of haste {unknown}
 G - a potion of brilliance {unknown}
Books
 k - a book of Necromancy

   Spells                             Type                      Level
   a - Pain                           Necromancy                   1
   b - Animate Skeleton               Necromancy                   1
   c - Vampiric Draining              Necromancy                   3
   d - Regeneration                   Charms/Necromancy            3
   e - Animate Dead                   Necromancy                   4
Comestibles
 c - 9 rations
 w - 4 chunks of flesh


   Skills:
 - Level 3.4 Fighting
 + Level 3.6 Dodging
 - Level 1.7 Stealth
 + Level 3.7 Spellcasting
 + Level 1.8 Charms
 * Level 7.5 Necromancy


You had 5 spell levels left.
You knew the following spells:

 Your Spells              Type           Power        Failure   Level  Hunger
a - Pain                  Necr           ####         1%          1    None
b - Animate Skeleton      Necr           N/A          1%          1    None
c - Vampiric Draining     Necr           ####......   1%          3    ###....
d - Regeneration          Chrm/Necr      ###.......   6%          3    ###....


Dungeon Overview and Level Annotations

Branches:
Dungeon (5/15)             Temple (1/1) D:4

Altars:
Ashenzari
Cheibriados
Dithmenos
Fedhas
Gozag
Hepliaklqana
Kikubaaqudgha
Makhleb
Nemelex Xobeh
Okawaru
Qazlal
Ru
Sif Muna
Trog
Uskayaw
Vehumet
Wu Jian
Xom
Yredelemnul
Zin
The Shining One

Annotations:
D:5 Eustachio, Pikel


Innate Abilities, Weirdness & Mutations

You have sharp toenails.
You regenerate health from kills.


Message History

The big kobold zombie misses you. The goblin zombie barely misses you. x2
The jackal zombie bites you.
* * * LOW HITPOINT WARNING * * *
The adder zombie closely misses you.
Unknown command.
Unknown command.
You hit the human zombie.
The human zombie is almost destroyed.
The adder zombie bites you but does no damage.
The adder zombie bites you.
* * * LOW HITPOINT WARNING * * *
The jackal zombie bites you but does no damage.
The human zombie hits you but does no damage.
The goblin zombie barely misses you. The goblin zombie closely misses you.
The big kobold zombie hits you but does no damage.
The adder zombie bites you.
* * * LOW HITPOINT WARNING * * *
The adder zombie misses you. The adder zombie completely misses you.
The jackal zombie barely misses you. The human zombie hits you.
You die...

...............
...............
...............
...............
...............
.......Z.......
......ZZZ......
......Z@Z......
......ZZZ......
.......Z.......
...............
...............
...............
...............
...............


You could see 3 adder zombies, a jackal zombie, 2 goblin zombies, a hobgoblin
zombie, a gnoll zombie, a big kobold zombie and a human zombie.

Vanquished Creatures
  A phantom (D:4)
  3 ogres (D:4)
  A bullfrog (D:2)
  A howler monkey (D:4)
  A human zombie (Ossuary)
  An orc priest (D:4)
  Crazy Yiuf (D:3)
  A worker ant (D:4)
  3 orc wizards (D:4)
  A hound zombie (Ossuary)
  6 gnolls
  4 adders
  2 oozes
  4 worms
  A dart slug (D:1)
  2 leopard geckos
  5 orcs
  3 giant cockroaches
  4 goblins (D:1)
  12 hobgoblins
  3 jackals
  2 quokkas
  10 bats
  6 frilled lizards
  7 kobolds
  6 rats
91 creatures vanquished.

Vanquished Creatures (collateral kills)
  A jackal (D:1)
  A rat (D:1)
2 creatures vanquished.

Grand Total: 93 creatures vanquished

Notes
Turn   | Place    | Note
-------+----------+-------------------------------------------
     0 | D:1      | Gruud the Demonspawn Necromancer began the quest for the Orb.
     0 | D:1      | Reached XP level 1. HP: 13/13 MP: 3/3
     2 | D:1      | Learned a level 1 spell: Animate Skeleton
   265 | D:1      | Gained mutation: You have sharp toenails. [demonic ancestry]
   265 | D:1      | Reached XP level 2. HP: 6/19 MP: 0/5
   344 | D:1      | Reached skill level 5 in Necromancy
   568 | D:1      | Reached XP level 3. HP: 11/24 MP: 3/6
   663 | D:1      | Learned a level 3 spell: Vampiric Draining
  1169 | D:1      | Reached skill level 6 in Necromancy
  1388 | D:2      | Gained mutation: You regenerate a little health from kills. [demonic ancestry]
  1388 | D:2      | Reached XP level 4. HP: 23/30 MP: 7/7
  1841 | D:2      | Noticed a bullfrog
  1899 | D:2      | Killed a bullfrog
  1899 | D:2      | Reached skill level 1 in Fighting
  1899 | D:2      | Reached XP level 5. HP: 35/37 MP: 4/8
  1904 | D:2      | Learned a level 3 spell: Regeneration
  2816 | D:3      | Found a runed door.
  2820 | D:3      | Noticed Crazy Yiuf
  2836 | D:3      | Killed Crazy Yiuf
  2941 | D:4      | Found a staircase to the Ecumenical Temple.
  3055 | D:4      | Reached XP level 6. HP: 45/46 MP: 6/10
  3129 | Temple   | Entered the Ecumenical Temple
  3240 | Temple   | Became a worshipper of Sif Muna the Loreminder
  3544 | D:4      | Gained mutation: You regenerate health from kills. [demonic ancestry]
  3544 | D:4      | Reached XP level 7. HP: 40/52 MP: 1/11
  3784 | D:4      | Found a glowing golden altar of the Shining One.
  3890 | D:4      | Reached skill level 1 in Charms
  3890 | D:4      | Reached skill level 7 in Necromancy
  4189 | D:5      | Entered Level 5 of the Dungeon
  4189 | D:5      | Found a radiant altar of Vehumet.
  4194 | D:5      | Noticed Eustachio
  4194 | D:5      | Noticed Pikel
  4219 | D:5      | Found a sand-covered staircase.
  4224 | Ossuary  | Entered an ossuary
  4257 | Ossuary  | HP: 2/52 [adder zombie (3)]
  4257 | Ossuary  | Slain by a human zombie

Vault maps used:
D:1:      minmay_arrival_open_corners
D:2:      minmay_joined_circles
D:3:      uniq_crazy_yiuf_cottage
D:4:      minmay_temple_entry_statues_fountains, tso_metal_star
D:5:      first_ration, enter_ossuary_2, basic_altar, uniq_blork_the_orc,
          uniq_eustachio, uniq_pikel
Temple:   kilobyte_greek_temple
Ossuary:  ossuary_minmay_tomb_2a

Skill      XL: |  1  2  3  4  5  6  7 |
---------------+----------------------+-----
Necromancy     | 5 6 7 |  7.5
Fighting       | 1 2 3 |  3.4
Dodging        | 2 3 |  3.6
Spellcasting   | 3 |  3.7
Charms         | 1 |  1.8
Stealth        | |  1.7

Action                   |  1- 3 |  4- 6 |  7- 9 || total
-------------------------+-------+-------+-------++-------
Melee: Hand axe          |    15 |    31 |       ||    46
       Kick              |       |    13 |    12 ||    25
       Flail             |       |     4 |     7 ||    11
       Mace              |       |    21 |    48 ||    69
Throw: Javelin           |       |     2 |       ||     2
 Cast: Pain              |    61 |    89 |    23 ||   173
       Animate Skeleton  |    18 |    24 |     4 ||    46
       Regeneration      |       |     1 |     9 ||    10
       Vampiric Draining |       |     1 |       ||     1
  Use: Scroll            |       |     5 |     5 ||    10
       Potion            |       |       |     1 ||     1
 Stab: Sleeping          |       |     1 |     1 ||     2
       Distracted        |       |     1 |       ||     1
  Eat: Chunk             |     3 |     7 |     3 ||    13
Armor: Robe              |     6 |     6 |   121 ||   133
Dodge: Dodged            |    18 |    38 |   220 ||   276

Table legend:
 A = Spawn XP
 B = Non-spawn XP
 C = Spawn XP percentage of total XP
 D = Spawn monster count
 E = Non-spawn monster count
 F = Spawn count percentage of total count
 G = Total turns spent on level
                    A         B        C        D         E        F      G
               +---------+---------+-------+---------+---------+-------+---------
         Total |       0 |    1199 |   0.0 |       0 |      93 |   0.0 |  4257
               +---------+---------+-------+---------+---------+-------+---------
           D:1 |       0 |      79 |   0.0 |       0 |      29 |   0.0 |  1307
           D:2 |       0 |     166 |   0.0 |       0 |      24 |   0.0 |  1155
           D:3 |       0 |      82 |   0.0 |       0 |      17 |   0.0 |   629
           D:4 |       0 |     808 |   0.0 |       0 |      21 |   0.0 |   944
       Ossuary |       0 |      64 |   0.0 |       0 |       2 |   0.0 |    33
               +---------+---------+-------+---------+---------+-------+---------
